AoeStats
← ivcrk826

Arabia

506639490Analyzed
1v1 RM · 17d ago on Sep 14, 2026· 42m 28s· 2 players
Game mode
Random Map
Map size
Tiny (2 player)
Population
200
Speed
Normal
Resources
Standard
Victory
Conquest
Starting age
Dark Age
Ending age
Imperial Age
RankedLock teamsTeams togetherTeam positionsShared explorationLock speedFull tech treeHidden civsTurbo modeCheats
Victory
Defeat
🇫🇮 Ethiopians · Finland
1227
+13
🇦🇷 Gurjaras · Argentina
1159
-13
ivcrk826
2:40 Loom
9:26 Feudal Age
10:10 Double-Bit Axe
10:13 Man-at-Arms
15:24 Fletching
15:30 Horse Collar
17:38 Padded Archer Armor
25:40 Castle Age
24:37 Gold Mining
25:45 Crossbowman
27:01 Bodkin Arrow
31:55 Town Watch
38:55 Imperial Age
Elven_Arse
6:46 Loom
8:17 Loom
10:39 Feudal Age
11:15 Double-Bit Axe
11:06 Man-at-Arms
18:37 Fletching
20:16 Wheelbarrow
23:17 Castle Age
22:41 Padded Archer Armor
24:16 Crossbowman
25:25 Horse Collar
27:02 Heavy Plow
27:17 Bow Saw
27:09 Bodkin Arrow
28:02 Elite Skirmisher
34:47 Gold Mining
37:16 Scale Mail Armor
42:19 Forging
43:02 Leather Archer Armor
Connection lost

Rejoining the realm…

Still unreachable

The connection could not be restored.

Session expired

The server has moved on; the page needs a fresh start.